[ AOE2 MATCH · #492606430 ]
Team RMDravidians vs Wu
[ REPLAY ANALYSIS · EXTRACTED FROM THE RECORDED GAME ]
Feudal
8:27
Castle
29:39
Imperial
—
| APM avg | 64.3 |
| APM peak | 84 |
| eAPM avg | 26.2 |
| Villagers / military | 120 / 97 |
Focus
⚔️ 53.4% · 🌾 46.6%
Archer ×97
Feudal
8:58
Castle
18:54
Imperial
38:39
| APM avg | 65.9 |
| APM peak | 119 |
| eAPM avg | 26.8 |
| Villagers / military | 167 / 109 |
Focus
⚔️ 42.4% · 🌾 57.6%
Knight ×103 · Scout Cavalry ×6
Feudal
11:23
Castle
16:59
Imperial
—
| APM avg | 44.2 |
| APM peak | 91 |
| eAPM avg | 23.6 |
| Villagers / military | 134 / 2 |
Focus
⚔️ 39.7% · 🌾 60.3%
Unknown (2626) ×100 · Fishing Ship ×29 · Trade Cog ×21 · Fire Galley ×2
Feudal
11:40
Castle
15:23
Imperial
35:31
| APM avg | 47.7 |
| APM peak | 95 |
| eAPM avg | 23.8 |
| Villagers / military | 149 / 10 |
Focus
⚔️ 43.3% · 🌾 56.7%
Unknown (1949) ×83 · Unknown (2626) ×63 · Fire Galley ×10 · Fishing Ship ×8
Feudal
8:51
Castle
23:29
Imperial
—
| APM avg | 67.7 |
| APM peak | 125 |
| eAPM avg | 30.1 |
| Villagers / military | 71 / 101 |
Focus
⚔️ 51.9% · 🌾 48.1%
Archer ×58 · Hand Cannoneer ×43
Feudal
8:43
Castle
22:57
Imperial
38:50
| APM avg | 37.2 |
| APM peak | 69 |
| eAPM avg | 18.3 |
| Villagers / military | 136 / 97 |
Focus
⚔️ 29.3% · 🌾 70.7%
Knight ×77 · Scout Cavalry ×19 · Spearman ×1
Feudal
10:59
Castle
17:26
Imperial
33:20
| APM avg | 58.9 |
| APM peak | 91 |
| eAPM avg | 31.8 |
| Villagers / military | 137 / 136 |
Focus
⚔️ 50.4% · 🌾 49.6%
Knight ×66 · Battle Elephant ×54 · Scout Cavalry ×14 · Fishing Ship ×9 · Monk ×2
Feudal
9:16
Castle
23:21
Imperial
34:55
| APM avg | 71.1 |
| APM peak | 116 |
| eAPM avg | 32.1 |
| Villagers / military | 134 / 116 |
Focus
⚔️ 47.3% · 🌾 52.7%
Archer ×102 · Unknown (1942) ×8 · Spearman ×7 · Militia ×5 · Scorpion ×2
Match map
Initial resources + every placement click. Lines = walls · curves = elevation contours. ◆ gold · ⬟ stone · ● berries · ✦ relic · ◌ wall gap
Your base· Open — unwalled flank
MrLokura's base· Open — unwalled flank
Puerco_Black's base· Open — unwalled flank
ilovebaskets's base· Open — unwalled flank
hK | ChossMx's base· Open — unwalled flank
PeAcE mE's base· Open — unwalled flank
hK | Siesta's base· Open — unwalled flank
hK | FraKTal's base· Open — unwalled flank
Smoothed initial terrain · ◌ = detected wall gap · hover for details
Inputs per minute
— Hui - - MrLokura
Build order — Hui
First 150 of 334 actions detected
| 0:02 | Create | Villager (Male) |
| 0:02 | Create | Villager (Male) |
| 0:03 | Build | House |
| 0:05 | Build | House |
| 0:07 | Create | Villager (Male) |
| 0:07 | Create | Villager (Male) |
| 1:24 | Create | Villager (Male) |
| 1:49 | Create | Villager (Male) |
| 1:49 | Create | Villager (Male) |
| 2:03 | Create | Villager (Male) |
| 2:03 | Create | Villager (Male) |
| 2:28 | Create | Villager (Male) |
| 3:02 | Build | House |
| 3:08 | Create | Villager (Male) |
| 3:33 | Build | Lumber Camp |
| 3:42 | Create | Villager (Male) |
| 3:44 | Create | Villager (Male) |
| 4:10 | Create | Villager (Male) |
| 4:22 | Create | Villager (Male) |
| 5:06 | Create | Villager (Male) |
| 5:31 | Build | Mining Camp |
| 5:40 | Research | Loom |
| 6:14 | Research | Feudal Age |
| 6:14 | Research | Feudal Age |
| 7:00 | Build | House |
| 7:41 | Build | Barracks |
| 7:51 | Create | Villager (Male) |
| 8:27 | Age | Feudal Age |
| 8:42 | Create | Villager (Male) |
| 8:50 | Build | Archery Range |
| 9:14 | Build | Archery Range |
| 9:24 | Create | Archer |
| 9:28 | Create | Villager (Male) |
| 9:39 | Build | House |
| 9:44 | Create | Archer |
| 9:54 | Create | Villager (Male) |
| 10:00 | Create | Archer |
| 10:06 | Create | Archer |
| 10:10 | Build | House |
| 10:13 | Create | Archer |
| 10:28 | Create | Archer |
| 10:33 | Create | Archer |
| 10:33 | Create | Archer |
| 10:42 | Create | Villager (Male) |
| 10:42 | Create | Villager (Male) |
| 10:44 | Build | House |
| 10:49 | Create | Archer |
| 10:49 | Create | Archer |
| 11:05 | Create | Villager (Male) |
| 11:17 | Create | Archer |
| 11:17 | Create | Archer |
| 11:22 | Build | Mill |
| 11:35 | Create | Villager (Male) |
| 11:43 | Build | Blacksmith |
| 12:04 | Create | Archer |
| 12:04 | Create | Archer |
| 12:05 | Create | Villager (Male) |
| 12:32 | Create | Archer |
| 12:34 | Research | Fletching |
| 12:50 | Build | House |
| 12:56 | Create | Villager (Male) |
| 12:56 | Create | Villager (Male) |
| 12:59 | Create | Archer |
| 12:59 | Create | Archer |
| 13:36 | Create | Archer |
| 13:38 | Create | Villager (Male) |
| 13:39 | Create | Villager (Male) |
| 13:55 | Create | Archer |
| 13:57 | Create | Villager (Male) |
| 14:05 | Build | Farm |
| 14:21 | Create | Archer |
| 14:31 | Create | Archer |
| 14:31 | Create | Archer |
| 14:34 | Create | Villager (Male) |
| 14:39 | Build | Farm |
| 14:45 | Build | House |
| 14:52 | Create | Archer |
| 14:52 | Create | Archer |
| 14:54 | Create | Villager (Male) |
| 15:23 | Create | Archer |
| 15:30 | Create | Villager (Male) |
| 15:34 | Create | Archer |
| 15:39 | Build | House |
| 15:49 | Research | Padded Archer Armor |
| 15:49 | Research | Padded Archer Armor |
| 15:53 | Build | Farm |
| 16:03 | Create | Archer |
| 16:03 | Create | Archer |
| 16:25 | Create | Archer |
| 16:26 | Create | Archer |
| 16:30 | Create | Villager (Male) |
| 16:44 | Build | House |
| 16:46 | Create | Archer |
| 16:46 | Create | Archer |
| 16:57 | Create | Villager (Male) |
| 16:57 | Create | Villager (Male) |
| 17:00 | Build | Farm |
| 17:18 | Create | Archer |
| 17:29 | Create | Villager (Male) |
| 17:33 | Create | Archer |
| 17:33 | Create | Archer |
| 17:42 | Create | Archer |
| 17:43 | Create | Archer |
| 17:50 | Create | Villager (Male) |
| 17:50 | Create | Villager (Male) |
| 18:46 | Create | Villager (Male) |
| 19:16 | Create | Villager (Male) |
| 19:16 | Create | Villager (Male) |
| 19:37 | Build | House |
| 19:49 | Build | Farm |
| 19:50 | Build | Farm |
| 19:53 | Create | Villager (Male) |
| 20:11 | Create | Archer |
| 20:11 | Create | Archer |
| 20:32 | Create | Villager (Male) |
| 20:32 | Create | Villager (Male) |
| 20:51 | Create | Villager (Male) |
| 20:51 | Create | Villager (Male) |
| 21:13 | Create | Villager (Male) |
| 21:44 | Create | Archer |
| 21:44 | Create | Archer |
| 21:46 | Create | Villager (Male) |
| 22:04 | Create | Villager (Male) |
| 22:06 | Build | House |
| 22:19 | Build | Farm |
| 22:28 | Create | Villager (Male) |
| 22:45 | Build | Lumber Camp |
| 22:56 | Create | Villager (Male) |
| 23:02 | Build | House |
| 23:23 | Create | Villager (Male) |
| 24:07 | Create | Villager (Male) |
| 24:11 | Create | Archer |
| 24:36 | Create | Villager (Male) |
| 24:38 | Build | Farm |
| 24:41 | Build | Farm |
| 24:42 | Build | Farm |
| 25:10 | Build | Farm |
| 25:12 | Build | Farm |
| 25:16 | Build | House |
| 25:17 | Build | House |
| 25:26 | Create | Villager (Male) |
| 25:27 | Create | Archer |
| 25:27 | Create | Archer |
| 25:43 | Create | Archer |
| 25:43 | Create | Archer |
| 25:47 | Create | Villager (Male) |
| 25:51 | Build | Farm |
| 25:55 | Build | Farm |
| 26:35 | Build | Farm |
| 26:37 | Build | Farm |
Build order — MrLokura
First 150 of 486 actions detected
| 0:01 | Create | Villager (Male) |
| 0:01 | Create | Villager (Male) |
| 0:02 | Build | House |
| 0:03 | Build | House |
| 0:04 | Build | House |
| 0:13 | Create | Villager (Male) |
| 0:13 | Create | Villager (Male) |
| 0:13 | Create | Villager (Male) |
| 1:25 | Create | Villager (Male) |
| 1:25 | Create | Villager (Male) |
| 1:25 | Create | Villager (Male) |
| 2:00 | Create | Villager (Male) |
| 2:01 | Create | Villager (Male) |
| 2:18 | Create | Villager (Male) |
| 2:18 | Create | Villager (Male) |
| 2:39 | Build | Lumber Camp |
| 2:58 | Create | Villager (Male) |
| 2:59 | Create | Villager (Male) |
| 2:59 | Create | Villager (Male) |
| 3:13 | Create | Villager (Male) |
| 3:13 | Create | Villager (Male) |
| 3:56 | Create | Villager (Male) |
| 3:56 | Create | Villager (Male) |
| 3:59 | Create | Villager (Male) |
| 3:59 | Create | Villager (Male) |
| 4:31 | Build | Mill |
| 5:02 | Create | Villager (Male) |
| 5:08 | Create | Villager (Male) |
| 5:08 | Create | Villager (Male) |
| 5:08 | Create | Villager (Male) |
| 5:08 | Create | Villager (Male) |
| 5:12 | Research | Loom |
| 6:48 | Research | Feudal Age |
| 6:48 | Research | Feudal Age |
| 7:07 | Build | Barracks |
| 7:11 | Build | Barracks |
| 7:32 | Build | House |
| 8:04 | Create | Villager (Male) |
| 8:28 | Create | Villager (Male) |
| 8:54 | Create | Villager (Male) |
| 8:58 | Age | Feudal Age |
| 8:59 | Build | Stable |
| 9:00 | Research | Double-Bit Axe |
| 9:05 | Research | Horse Collar |
| 9:14 | Create | Villager (Male) |
| 9:24 | Create | Villager (Male) |
| 9:30 | Build | Farm |
| 9:54 | Create | Scout Cavalry |
| 9:55 | Create | Villager (Male) |
| 10:09 | Create | Scout Cavalry |
| 10:19 | Build | Farm |
| 10:40 | Create | Villager (Male) |
| 10:43 | Create | Villager (Male) |
| 10:50 | Build | Farm |
| 10:51 | Build | Farm |
| 10:52 | Build | Farm |
| 10:53 | Build | Farm |
| 11:06 | Create | Villager (Male) |
| 11:29 | Create | Villager (Male) |
| 11:32 | Create | Villager (Male) |
| 11:34 | Build | Farm |
| 11:36 | Build | Farm |
| 11:40 | Build | Farm |
| 11:40 | Create | Villager (Male) |
| 11:42 | Create | Scout Cavalry |
| 11:43 | Create | Villager (Male) |
| 12:03 | Create | Villager (Male) |
| 12:13 | Build | Mining Camp |
| 12:19 | Create | Villager (Male) |
| 12:20 | Create | Scout Cavalry |
| 12:23 | Build | House |
| 12:33 | Build | Farm |
| 12:34 | Create | Villager (Male) |
| 12:40 | Build | Farm |
| 12:49 | Create | Villager (Male) |
| 12:58 | Build | Farm |
| 13:11 | Create | Villager (Male) |
| 13:18 | Build | House |
| 13:32 | Create | Villager (Male) |
| 13:42 | Build | Blacksmith |
| 14:25 | Create | Villager (Male) |
| 14:25 | Create | Scout Cavalry |
| 14:32 | Build | Farm |
| 14:33 | Build | Farm |
| 14:33 | Build | Farm |
| 14:46 | Build | Farm |
| 14:51 | Create | Villager (Male) |
| 15:02 | Build | Farm |
| 15:15 | Create | Villager (Male) |
| 15:20 | Build | Farm |
| 15:28 | Create | Villager (Male) |
| 15:33 | Build | Farm |
| 15:40 | Create | Scout Cavalry |
| 15:41 | Create | Villager (Male) |
| 15:58 | Build | House |
| 16:06 | Build | Farm |
| 16:14 | Research | Castle Age |
| 16:14 | Research | Castle Age |
| 16:14 | Research | Castle Age |
| 16:23 | Create | Villager (Male) |
| 16:48 | Research | Scale Barding Armor |
| 16:48 | Research | Scale Barding Armor |
| 16:52 | Create | Villager (Male) |
| 16:55 | Build | House |
| 17:27 | Research | Bloodlines |
| 17:27 | Research | Bloodlines |
| 17:56 | Build | Stable |
| 18:09 | Create | Villager (Male) |
| 18:45 | Build | Stable |
| 18:50 | Create | Villager (Male) |
| 18:52 | Create | Villager (Male) |
| 18:54 | Age | Castle Age |
| 19:00 | Build | Town Center |
| 19:03 | Create | Knight |
| 19:03 | Create | Knight |
| 19:04 | Create | Villager (Male) |
| 19:06 | Create | Villager (Male) |
| 19:09 | Build | House |
| 19:09 | Build | Palisade Wall |
| 19:15 | Create | Villager (Male) |
| 19:15 | Create | Knight |
| 19:17 | Build | Palisade Wall |
| 19:22 | Build | House |
| 19:23 | Build | House |
| 19:36 | Create | Villager (Male) |
| 19:45 | Research | Chain Barding Armor |
| 19:54 | Create | Villager (Male) |
| 19:56 | Create | Villager (Male) |
| 20:00 | Build | Farm |
| 20:01 | Build | Farm |
| 20:09 | Create | Knight |
| 20:10 | Create | Villager (Male) |
| 20:20 | Create | Villager (Male) |
| 20:23 | Create | Villager (Male) |
| 20:25 | Build | Farm |
| 20:27 | Build | Farm |
| 20:40 | Create | Knight |
| 20:47 | Create | Villager (Male) |
| 20:49 | Create | Knight |
| 20:49 | Create | Knight |
| 20:54 | Build | Palisade Wall |
| 20:55 | Build | Palisade Wall |
| 20:56 | Build | Palisade Wall |
| 21:08 | Create | Villager (Male) |
| 21:11 | Create | Villager (Male) |
| 21:12 | Create | Villager (Male) |
| 21:15 | Build | Farm |
| 21:16 | Build | Farm |
| 21:18 | Build | Farm |
| 21:39 | Create | Knight |
Build order — Puerco_Black
First 150 of 425 actions detected
| 0:02 | Build | House |
| 0:02 | Create | Villager (Male) |
| 0:05 | Build | House |
| 0:09 | Create | Villager (Male) |
| 0:23 | Create | Villager (Male) |
| 0:23 | Create | Villager (Male) |
| 1:28 | Create | Villager (Male) |
| 2:01 | Build | Settlement |
| 2:02 | Create | Villager (Male) |
| 2:11 | Create | Villager (Male) |
| 2:42 | Create | Villager (Male) |
| 2:43 | Create | Villager (Male) |
| 3:01 | Create | Villager (Male) |
| 3:36 | Create | Villager (Male) |
| 3:55 | Create | Villager (Male) |
| 4:12 | Create | Villager (Male) |
| 4:42 | Create | Villager (Male) |
| 4:42 | Create | Villager (Male) |
| 5:03 | Build | Dock |
| 5:26 | Create | Villager (Male) |
| 5:30 | Build | House |
| 5:50 | Create | Fishing Ship |
| 5:55 | Create | Villager (Male) |
| 6:16 | Create | Villager (Male) |
| 6:25 | Create | Fishing Ship |
| 6:29 | Create | Villager (Male) |
| 6:29 | Create | Villager (Male) |
| 6:39 | Create | Villager (Male) |
| 6:53 | Create | Fishing Ship |
| 6:56 | Create | Villager (Male) |
| 6:57 | Create | Villager (Male) |
| 7:15 | Build | House |
| 7:27 | Create | Villager (Male) |
| 7:46 | Build | House |
| 7:52 | Create | Fishing Ship |
| 7:52 | Create | Fishing Ship |
| 7:58 | Research | Loom |
| 8:49 | Research | Feudal Age |
| 8:54 | Build | Dock |
| 9:02 | Create | Fishing Ship |
| 9:17 | Build | House |
| 9:29 | Create | Fishing Ship |
| 9:40 | Create | Fishing Ship |
| 9:55 | Build | Settlement |
| 10:07 | Build | Palisade Wall |
| 10:11 | Create | Fishing Ship |
| 10:20 | Build | Palisade Wall |
| 10:39 | Create | Fishing Ship |
| 10:41 | Create | Fishing Ship |
| 10:56 | Create | Villager (Male) |
| 11:23 | Age | Feudal Age |
| 11:26 | Create | Villager (Male) |
| 11:41 | Create | Villager (Male) |
| 12:08 | Create | Villager (Male) |
| 12:15 | Build | Market |
| 12:20 | Create | Fishing Ship |
| 12:21 | Create | Fishing Ship |
| 12:32 | Build | Dock |
| 12:43 | Create | Villager (Male) |
| 12:53 | Create | Unit 2626 |
| 13:14 | Create | Villager (Male) |
| 13:31 | Build | Blacksmith |
| 13:36 | Research | Double-Bit Axe |
| 13:49 | Build | House |
| 13:54 | Create | Villager (Male) |
| 14:03 | Create | Unit 2626 |
| 14:08 | Build | House |
| 14:16 | Research | Castle Age |
| 14:26 | Build | House |
| 14:28 | Build | Palisade Wall |
| 14:34 | Create | Unit 2626 |
| 14:34 | Create | Unit 2626 |
| 14:54 | Create | Unit 2626 |
| 14:58 | Research | Tech 906 |
| 14:58 | Research | Tech 906 |
| 15:15 | Create | Unit 2626 |
| 15:25 | Create | Unit 2626 |
| 15:57 | Build | Dock |
| 15:59 | Research | Forging |
| 16:00 | Research | Forging |
| 16:08 | Create | Unit 2626 |
| 16:15 | Create | Unit 2626 |
| 16:15 | Create | Unit 2626 |
| 16:40 | Create | Unit 2626 |
| 16:59 | Age | Castle Age |
| 17:01 | Create | Villager (Male) |
| 17:05 | Research | War Galley (upgrade) |
| 17:06 | Research | War Galley (upgrade) |
| 17:10 | Research | Iron Casting |
| 17:17 | Create | Unit 2626 |
| 17:18 | Create | Villager (Male) |
| 17:27 | Create | Unit 2626 |
| 17:27 | Create | Unit 2626 |
| 17:35 | Create | Villager (Male) |
| 17:40 | Research | Gold Mining |
| 18:02 | Create | Unit 2626 |
| 18:12 | Create | Villager (Male) |
| 18:20 | Create | Unit 2626 |
| 18:20 | Create | Unit 2626 |
| 18:32 | Create | Villager (Male) |
| 18:40 | Build | Settlement |
| 18:51 | Build | House |
| 18:52 | Build | House |
| 18:56 | Create | Villager (Male) |
| 19:05 | Create | Unit 2626 |
| 19:05 | Create | Unit 2626 |
| 19:12 | Create | Villager (Male) |
| 19:12 | Create | Villager (Male) |
| 19:23 | Create | Unit 2626 |
| 19:23 | Create | Unit 2626 |
| 19:37 | Research | Bow Saw |
| 19:37 | Research | Bow Saw |
| 19:45 | Create | Unit 2626 |
| 19:47 | Create | Villager (Male) |
| 19:57 | Build | House |
| 19:57 | Build | House |
| 20:12 | Create | Unit 2626 |
| 20:12 | Create | Unit 2626 |
| 20:18 | Create | Villager (Male) |
| 20:54 | Create | Unit 2626 |
| 20:54 | Create | Unit 2626 |
| 20:56 | Create | Villager (Male) |
| 20:56 | Create | Villager (Male) |
| 21:12 | Create | Unit 2626 |
| 21:12 | Create | Unit 2626 |
| 21:12 | Create | Unit 2626 |
| 21:13 | Create | Unit 2626 |
| 21:23 | Create | Unit 2626 |
| 21:23 | Create | Unit 2626 |
| 21:29 | Create | Villager (Male) |
| 21:41 | Create | Fire Galley |
| 21:42 | Create | Fire Galley |
| 21:51 | Create | Unit 2626 |
| 21:55 | Create | Unit 2626 |
| 21:56 | Create | Villager (Male) |
| 21:56 | Create | Villager (Male) |
| 22:08 | Build | Town Center |
| 22:10 | Create | Villager (Male) |
| 22:24 | Build | University |
| 22:34 | Create | Trade Cog |
| 22:34 | Create | Trade Cog |
| 22:44 | Build | House |
| 22:44 | Build | House |
| 22:52 | Create | Trade Cog |
| 23:01 | Create | Trade Cog |
| 23:01 | Create | Trade Cog |
| 23:08 | Create | Trade Cog |
| 23:14 | Create | Villager (Male) |
| 23:14 | Create | Villager (Male) |
| 23:30 | Research | Tech 908 |
Build order — ilovebaskets
First 150 of 510 actions detected
| 0:01 | Research | Loom |
| 0:02 | Create | Villager (Male) |
| 0:02 | Create | Villager (Male) |
| 0:03 | Build | House |
| 0:04 | Build | House |
| 0:11 | Create | Villager (Male) |
| 0:20 | Create | Villager (Male) |
| 1:31 | Create | Villager (Male) |
| 2:03 | Create | Villager (Male) |
| 2:21 | Create | Villager (Male) |
| 2:28 | Build | Lumber Camp |
| 2:55 | Create | Villager (Male) |
| 3:18 | Create | Villager (Male) |
| 3:49 | Build | House |
| 3:53 | Create | Villager (Male) |
| 4:06 | Create | Villager (Male) |
| 4:38 | Create | Villager (Male) |
| 4:49 | Build | Dock |
| 5:05 | Create | Villager (Male) |
| 5:27 | Create | Fishing Ship |
| 5:36 | Create | Villager (Male) |
| 5:46 | Create | Villager (Male) |
| 5:46 | Create | Villager (Male) |
| 5:48 | Build | Palisade Wall |
| 5:49 | Build | Palisade Wall |
| 6:06 | Create | Villager (Male) |
| 6:10 | Create | Fishing Ship |
| 6:24 | Create | Villager (Male) |
| 6:42 | Build | House |
| 7:04 | Create | Fishing Ship |
| 7:05 | Create | Villager (Male) |
| 7:08 | Build | House |
| 7:22 | Create | Villager (Male) |
| 7:23 | Create | Fishing Ship |
| 7:51 | Create | Fishing Ship |
| 7:51 | Create | Villager (Male) |
| 8:27 | Create | Villager (Male) |
| 8:44 | Create | Villager (Male) |
| 8:50 | Create | Fishing Ship |
| 9:01 | Build | House |
| 9:03 | Research | Loom |
| 9:16 | Build | Dock |
| 9:30 | Research | Feudal Age |
| 9:30 | Research | Feudal Age |
| 9:41 | Build | Palisade Wall |
| 9:45 | Build | Palisade Gate |
| 9:45 | Build | Palisade Wall |
| 9:49 | Build | Palisade Gate |
| 9:55 | Create | Fishing Ship |
| 9:55 | Create | Fishing Ship |
| 10:11 | Create | Villager (Male) |
| 10:12 | Create | Villager (Male) |
| 10:13 | Build | Mining Camp |
| 10:49 | Build | Mill |
| 11:40 | Age | Feudal Age |
| 11:43 | Build | Market |
| 11:57 | Build | Blacksmith |
| 12:43 | Research | Castle Age |
| 12:45 | Research | Double-Bit Axe |
| 12:45 | Research | Double-Bit Axe |
| 12:50 | Build | House |
| 13:07 | Create | Unit 2626 |
| 13:07 | Create | Unit 2626 |
| 13:22 | Build | Dock |
| 13:25 | Create | Unit 2626 |
| 13:31 | Build | Palisade Wall |
| 13:32 | Build | Palisade Wall |
| 13:33 | Build | Palisade Wall |
| 13:39 | Create | Villager (Male) |
| 13:54 | Research | Gold Mining |
| 13:55 | Create | Unit 2626 |
| 14:09 | Build | House |
| 14:11 | Create | Unit 2626 |
| 14:11 | Create | Unit 2626 |
| 14:25 | Create | Unit 2626 |
| 14:34 | Build | House |
| 14:35 | Build | House |
| 14:38 | Create | Villager (Male) |
| 14:42 | Create | Unit 2626 |
| 14:43 | Create | Unit 2626 |
| 14:48 | Create | Villager (Male) |
| 15:09 | Create | Villager (Male) |
| 15:23 | Build | Palisade Wall |
| 15:23 | Age | Castle Age |
| 15:28 | Research | Tech 905 |
| 15:28 | Research | Tech 905 |
| 15:28 | Create | Villager (Male) |
| 15:34 | Create | Villager (Male) |
| 15:34 | Create | Unit 2626 |
| 15:37 | Create | Fire Galley |
| 15:52 | Research | Bow Saw |
| 15:52 | Research | Bow Saw |
| 16:04 | Build | Dock |
| 16:06 | Create | Villager (Male) |
| 16:08 | Create | Fire Galley |
| 16:16 | Build | House |
| 16:32 | Create | Fire Galley |
| 16:32 | Create | Fire Galley |
| 16:47 | Create | Fire Galley |
| 16:47 | Create | Fire Galley |
| 16:48 | Create | Villager (Male) |
| 17:27 | Research | War Galley (upgrade) |
| 17:34 | Create | Villager (Male) |
| 17:37 | Create | Unit 2626 |
| 17:37 | Create | Unit 2626 |
| 17:48 | Create | Villager (Male) |
| 17:59 | Create | Unit 2626 |
| 18:00 | Create | Unit 2626 |
| 18:01 | Build | House |
| 18:02 | Create | Villager (Male) |
| 18:03 | Create | Villager (Male) |
| 18:13 | Build | House |
| 18:16 | Create | Villager (Male) |
| 18:19 | Build | Lumber Camp |
| 18:28 | Create | Villager (Male) |
| 18:33 | Create | Unit 2626 |
| 18:33 | Create | Unit 2626 |
| 18:55 | Create | Villager (Male) |
| 18:56 | Create | Unit 2626 |
| 18:56 | Create | Unit 2626 |
| 18:57 | Create | Unit 2626 |
| 18:58 | Create | Unit 2626 |
| 19:08 | Create | Unit 2626 |
| 19:09 | Create | Unit 2626 |
| 19:21 | Create | Villager (Male) |
| 19:41 | Create | Villager (Male) |
| 19:43 | Build | Town Center |
| 19:47 | Build | House |
| 19:49 | Build | Palisade Wall |
| 20:11 | Build | Town Center |
| 20:30 | Create | Unit 2626 |
| 20:34 | Create | Villager (Male) |
| 20:35 | Create | Villager (Male) |
| 20:35 | Create | Villager (Male) |
| 20:35 | Create | Villager (Male) |
| 20:36 | Create | Unit 2626 |
| 20:36 | Create | Unit 2626 |
| 20:54 | Create | Unit 2626 |
| 20:54 | Create | Unit 2626 |
| 20:55 | Create | Unit 2626 |
| 20:55 | Create | Villager (Male) |
| 20:55 | Create | Villager (Male) |
| 20:56 | Create | Villager (Male) |
| 21:09 | Create | Villager (Male) |
| 21:18 | Create | Villager (Male) |
| 21:19 | Create | Unit 2626 |
| 21:19 | Create | Unit 2626 |
| 21:21 | Create | Unit 2626 |
| 21:43 | Build | Palisade Wall |
| 21:45 | Build | House |
Build order — hK | ChossMx
First 150 of 288 actions detected
| 0:00 | Create | Villager (Male) |
| 0:03 | Build | House |
| 0:04 | Build | House |
| 0:08 | Build | House |
| 0:12 | Create | Villager (Male) |
| 0:12 | Create | Villager (Male) |
| 0:17 | Create | Villager (Male) |
| 0:18 | Create | Villager (Male) |
| 1:39 | Create | Villager (Male) |
| 1:39 | Create | Villager (Male) |
| 2:18 | Create | Villager (Male) |
| 2:25 | Create | Villager (Male) |
| 2:55 | Create | Villager (Male) |
| 2:58 | Create | Villager (Male) |
| 2:58 | Create | Villager (Male) |
| 3:36 | Create | Villager (Male) |
| 3:36 | Create | Villager (Male) |
| 3:53 | Create | Villager (Male) |
| 3:53 | Create | Villager (Male) |
| 4:38 | Create | Villager (Male) |
| 4:42 | Build | Lumber Camp |
| 5:08 | Create | Villager (Male) |
| 5:14 | Research | Loom |
| 6:10 | Create | Villager (Male) |
| 6:13 | Build | Mining Camp |
| 6:38 | Research | Feudal Age |
| 6:38 | Research | Feudal Age |
| 7:00 | Build | House |
| 8:17 | Build | Barracks |
| 8:51 | Age | Feudal Age |
| 8:53 | Create | Villager (Male) |
| 8:59 | Build | Archery Range |
| 9:15 | Build | Archery Range |
| 9:18 | Create | Villager (Male) |
| 9:34 | Build | Blacksmith |
| 9:36 | Build | Palisade Wall |
| 9:41 | Create | Villager (Male) |
| 9:53 | Create | Archer |
| 9:53 | Create | Archer |
| 10:07 | Create | Archer |
| 10:08 | Create | Archer |
| 10:08 | Create | Archer |
| 10:09 | Create | Archer |
| 10:12 | Create | Villager (Male) |
| 10:37 | Build | House |
| 11:07 | Research | Fletching |
| 11:07 | Research | Fletching |
| 11:13 | Build | Mill |
| 11:20 | Create | Archer |
| 11:20 | Create | Archer |
| 11:37 | Create | Villager (Male) |
| 11:44 | Build | House |
| 11:49 | Create | Archer |
| 11:49 | Create | Archer |
| 12:07 | Create | Villager (Male) |
| 12:14 | Create | Archer |
| 12:22 | Build | House |
| 12:30 | Build | Palisade Wall |
| 12:37 | Create | Villager (Male) |
| 12:43 | Build | Watch Tower |
| 12:49 | Create | Archer |
| 12:50 | Create | Archer |
| 12:50 | Create | Archer |
| 12:59 | Build | Farm |
| 13:01 | Build | Farm |
| 13:02 | Create | Villager (Male) |
| 13:03 | Build | Farm |
| 13:18 | Build | House |
| 13:20 | Build | Palisade Wall |
| 13:47 | Create | Villager (Male) |
| 13:53 | Create | Archer |
| 13:53 | Create | Archer |
| 14:10 | Build | Farm |
| 14:11 | Build | Farm |
| 14:26 | Create | Villager (Male) |
| 14:36 | Create | Archer |
| 14:36 | Create | Archer |
| 14:37 | Create | Villager (Male) |
| 14:55 | Create | Villager (Male) |
| 15:13 | Create | Archer |
| 15:13 | Create | Archer |
| 15:22 | Build | Farm |
| 15:28 | Create | Archer |
| 15:29 | Create | Villager (Male) |
| 15:32 | Build | Farm |
| 15:45 | Create | Archer |
| 15:45 | Create | Archer |
| 15:50 | Create | Villager (Male) |
| 15:57 | Build | Farm |
| 16:05 | Create | Villager (Male) |
| 16:10 | Build | Farm |
| 16:22 | Create | Villager (Male) |
| 16:23 | Build | House |
| 16:49 | Create | Villager (Male) |
| 16:50 | Create | Archer |
| 16:50 | Create | Archer |
| 17:03 | Create | Villager (Male) |
| 17:07 | Create | Archer |
| 17:07 | Create | Archer |
| 17:35 | Create | Archer |
| 17:35 | Create | Archer |
| 17:39 | Create | Villager (Male) |
| 17:42 | Create | Archer |
| 17:42 | Create | Archer |
| 17:56 | Build | Farm |
| 17:57 | Build | Farm |
| 17:58 | Build | Farm |
| 18:19 | Create | Villager (Male) |
| 18:22 | Build | Farm |
| 18:27 | Build | Farm |
| 18:38 | Create | Archer |
| 18:38 | Create | Archer |
| 18:45 | Create | Archer |
| 18:47 | Create | Villager (Male) |
| 18:47 | Create | Villager (Male) |
| 18:49 | Build | House |
| 19:03 | Create | Archer |
| 19:03 | Create | Archer |
| 19:06 | Create | Villager (Male) |
| 19:18 | Build | House |
| 19:19 | Build | House |
| 19:19 | Build | House |
| 19:21 | Build | House |
| 19:22 | Build | House |
| 19:56 | Build | Lumber Camp |
| 20:00 | Create | Archer |
| 20:00 | Create | Archer |
| 20:04 | Create | Villager (Male) |
| 20:10 | Build | Palisade Wall |
| 20:10 | Build | Palisade Wall |
| 20:11 | Build | Palisade Wall |
| 20:11 | Build | Palisade Wall |
| 20:13 | Build | Palisade Wall |
| 20:24 | Create | Villager (Male) |
| 20:25 | Create | Archer |
| 20:26 | Create | Archer |
| 20:49 | Research | Castle Age |
| 21:23 | Create | Archer |
| 21:23 | Create | Archer |
| 21:25 | Build | Archery Range |
| 21:33 | Create | Villager (Male) |
| 21:36 | Research | Horse Collar |
| 21:36 | Research | Horse Collar |
| 21:42 | Research | Double-Bit Axe |
| 21:50 | Research | Padded Archer Armor |
| 22:19 | Build | Farm |
| 22:20 | Build | Farm |
| 22:25 | Create | Archer |
| 22:25 | Create | Archer |
| 22:28 | Create | Villager (Male) |
Build order — PeAcE mE
First 150 of 347 actions detected
| 0:01 | Create | Villager (Male) |
| 0:01 | Create | Villager (Male) |
| 0:03 | Build | House |
| 0:06 | Build | House |
| 0:09 | Create | Villager (Male) |
| 0:09 | Create | Villager (Male) |
| 1:32 | Build | House |
| 1:34 | Create | Villager (Male) |
| 1:53 | Create | Villager (Male) |
| 2:21 | Create | Villager (Male) |
| 2:45 | Create | Villager (Male) |
| 2:49 | Create | Villager (Male) |
| 3:33 | Build | House |
| 3:40 | Create | Villager (Male) |
| 3:58 | Create | Villager (Male) |
| 4:16 | Build | Lumber Camp |
| 4:23 | Create | Villager (Male) |
| 4:51 | Create | Villager (Male) |
| 5:18 | Create | Villager (Male) |
| 5:24 | Research | Loom |
| 5:49 | Build | Mill |
| 6:33 | Research | Feudal Age |
| 6:33 | Research | Feudal Age |
| 7:40 | Create | Villager (Male) |
| 7:51 | Build | Barracks |
| 8:00 | Build | House |
| 8:28 | Create | Villager (Male) |
| 8:43 | Age | Feudal Age |
| 9:11 | Build | Stable |
| 9:16 | Research | Double-Bit Axe |
| 9:19 | Create | Villager (Male) |
| 9:47 | Build | House |
| 9:48 | Create | Scout Cavalry |
| 9:49 | Create | Scout Cavalry |
| 9:57 | Create | Villager (Male) |
| 10:14 | Build | House |
| 10:23 | Create | Villager (Male) |
| 10:35 | Create | Scout Cavalry |
| 10:43 | Create | Scout Cavalry |
| 10:48 | Create | Villager (Male) |
| 10:51 | Build | House |
| 11:20 | Build | Farm |
| 11:29 | Create | Villager (Male) |
| 11:35 | Build | Farm |
| 11:36 | Build | Farm |
| 11:39 | Build | Farm |
| 11:42 | Create | Scout Cavalry |
| 11:53 | Create | Villager (Male) |
| 12:16 | Build | Farm |
| 12:19 | Build | Farm |
| 12:19 | Create | Villager (Male) |
| 12:21 | Create | Scout Cavalry |
| 12:26 | Create | Scout Cavalry |
| 12:44 | Create | Villager (Male) |
| 12:57 | Build | Farm |
| 13:08 | Create | Villager (Male) |
| 13:10 | Create | Scout Cavalry |
| 13:35 | Create | Villager (Male) |
| 13:37 | Create | Scout Cavalry |
| 13:42 | Build | Blacksmith |
| 13:46 | Build | Farm |
| 14:06 | Create | Villager (Male) |
| 14:12 | Build | Farm |
| 14:12 | Build | Farm |
| 14:12 | Build | Farm |
| 14:12 | Build | Farm |
| 14:13 | Build | Farm |
| 14:31 | Create | Villager (Male) |
| 14:32 | Create | Scout Cavalry |
| 14:35 | Build | House |
| 14:46 | Create | Villager (Male) |
| 14:54 | Create | Scout Cavalry |
| 15:02 | Create | Villager (Male) |
| 15:06 | Build | House |
| 15:22 | Create | Villager (Male) |
| 15:24 | Build | Mining Camp |
| 15:30 | Build | Farm |
| 15:45 | Create | Scout Cavalry |
| 15:49 | Research | Scale Barding Armor |
| 15:51 | Create | Villager (Male) |
| 15:55 | Build | Farm |
| 15:55 | Build | Farm |
| 15:56 | Build | Farm |
| 15:56 | Build | Farm |
| 16:25 | Build | Farm |
| 16:25 | Build | Farm |
| 16:27 | Create | Villager (Male) |
| 16:52 | Create | Scout Cavalry |
| 16:54 | Create | Villager (Male) |
| 16:57 | Build | Farm |
| 16:58 | Build | Farm |
| 16:58 | Build | Farm |
| 17:18 | Create | Villager (Male) |
| 17:23 | Build | Farm |
| 17:28 | Build | Farm |
| 17:30 | Build | Farm |
| 17:31 | Build | Farm |
| 17:32 | Build | Farm |
| 17:33 | Build | Farm |
| 17:33 | Build | Farm |
| 17:35 | Create | Scout Cavalry |
| 17:47 | Create | Villager (Male) |
| 17:51 | Create | Scout Cavalry |
| 18:17 | Create | Villager (Male) |
| 18:21 | Build | Farm |
| 18:24 | Create | Scout Cavalry |
| 18:29 | Build | Stable |
| 18:33 | Create | Spearman |
| 18:52 | Create | Scout Cavalry |
| 18:53 | Create | Villager (Male) |
| 19:15 | Create | Villager (Male) |
| 19:33 | Build | Farm |
| 19:36 | Create | Villager (Male) |
| 19:38 | Build | Farm |
| 19:39 | Build | Farm |
| 20:01 | Build | House |
| 20:17 | Research | Castle Age |
| 20:39 | Create | Scout Cavalry |
| 21:03 | Create | Scout Cavalry |
| 21:07 | Research | Bloodlines |
| 21:25 | Research | Horse Collar |
| 22:05 | Research | Forging |
| 22:41 | Create | Villager (Male) |
| 22:57 | Age | Castle Age |
| 22:59 | Build | Town Center |
| 23:00 | Create | Knight |
| 23:01 | Create | Knight |
| 23:01 | Research | Husbandry |
| 23:03 | Research | Chain Barding Armor |
| 23:13 | Create | Villager (Male) |
| 23:28 | Create | Knight |
| 23:28 | Create | Knight |
| 23:45 | Create | Villager (Male) |
| 23:46 | Create | Villager (Male) |
| 23:51 | Build | Town Center |
| 24:04 | Create | Villager (Male) |
| 24:06 | Create | Villager (Male) |
| 24:12 | Build | Farm |
| 24:13 | Build | Farm |
| 24:31 | Create | Knight |
| 24:56 | Create | Villager (Male) |
| 24:56 | Create | Villager (Male) |
| 24:56 | Create | Villager (Male) |
| 24:58 | Create | Knight |
| 25:09 | Create | Knight |
| 25:10 | Create | Villager (Male) |
| 25:17 | Create | Villager (Male) |
| 25:21 | Create | Villager (Male) |
| 25:33 | Create | Knight |
| 25:34 | Create | Knight |
Build order — hK | Siesta
First 150 of 439 actions detected
| 0:02 | Create | Villager (Male) |
| 0:02 | Create | Villager (Male) |
| 0:02 | Create | Villager (Male) |
| 0:03 | Create | Villager (Male) |
| 0:04 | Build | House |
| 0:05 | Build | House |
| 1:24 | Create | Villager (Male) |
| 1:47 | Create | Villager (Male) |
| 1:49 | Build | Lumber Camp |
| 2:12 | Create | Villager (Male) |
| 2:12 | Create | Villager (Male) |
| 2:38 | Create | Villager (Male) |
| 2:38 | Create | Villager (Male) |
| 3:04 | Create | Villager (Male) |
| 3:04 | Create | Villager (Male) |
| 3:24 | Create | Villager (Male) |
| 3:25 | Create | Villager (Male) |
| 3:50 | Build | House |
| 4:00 | Create | Villager (Male) |
| 4:00 | Create | Villager (Male) |
| 4:30 | Create | Villager (Male) |
| 4:58 | Create | Villager (Male) |
| 5:22 | Create | Villager (Male) |
| 5:42 | Create | Villager (Male) |
| 5:59 | Create | Villager (Male) |
| 5:59 | Create | Villager (Male) |
| 6:02 | Build | Dock |
| 6:15 | Create | Villager (Male) |
| 6:15 | Create | Villager (Male) |
| 6:22 | Build | House |
| 6:35 | Create | Villager (Male) |
| 6:35 | Create | Villager (Male) |
| 6:42 | Create | Fishing Ship |
| 6:44 | Create | Fishing Ship |
| 6:48 | Create | Villager (Male) |
| 6:58 | Build | House |
| 7:12 | Create | Villager (Male) |
| 7:17 | Build | Dock |
| 7:55 | Research | Loom |
| 7:56 | Create | Fishing Ship |
| 8:05 | Build | Mill |
| 8:43 | Create | Fishing Ship |
| 8:49 | Research | Feudal Age |
| 9:09 | Create | Fishing Ship |
| 9:30 | Create | Fishing Ship |
| 9:40 | Build | House |
| 9:59 | Create | Fishing Ship |
| 10:21 | Build | Barracks |
| 10:44 | Create | Fishing Ship |
| 10:49 | Create | Fishing Ship |
| 10:59 | Age | Feudal Age |
| 11:01 | Create | Villager (Male) |
| 11:16 | Create | Villager (Male) |
| 11:21 | Build | Stable |
| 11:24 | Build | House |
| 11:39 | Create | Villager (Male) |
| 11:56 | Build | House |
| 11:58 | Build | Mining Camp |
| 12:02 | Create | Scout Cavalry |
| 12:02 | Create | Scout Cavalry |
| 12:02 | Create | Scout Cavalry |
| 12:06 | Create | Villager (Male) |
| 12:09 | Research | Horse Collar |
| 12:20 | Build | House |
| 12:27 | Create | Villager (Male) |
| 12:37 | Build | Farm |
| 12:40 | Build | Farm |
| 12:42 | Build | House |
| 12:43 | Create | Scout Cavalry |
| 12:54 | Create | Villager (Male) |
| 12:55 | Build | Farm |
| 12:58 | Build | House |
| 13:13 | Create | Villager (Male) |
| 13:36 | Build | Blacksmith |
| 13:37 | Create | Scout Cavalry |
| 13:47 | Create | Villager (Male) |
| 13:48 | Build | Farm |
| 13:55 | Create | Scout Cavalry |
| 14:17 | Create | Villager (Male) |
| 14:30 | Build | House |
| 14:32 | Build | House |
| 14:33 | Build | House |
| 14:44 | Research | Castle Age |
| 14:46 | Build | Stable |
| 15:04 | Build | Farm |
| 15:09 | Create | Scout Cavalry |
| 15:19 | Create | Scout Cavalry |
| 15:38 | Research | Bloodlines |
| 15:44 | Build | House |
| 15:48 | Create | Scout Cavalry |
| 15:50 | Build | Farm |
| 15:52 | Build | Farm |
| 16:05 | Build | Farm |
| 16:12 | Create | Scout Cavalry |
| 16:19 | Create | Scout Cavalry |
| 17:24 | Create | Scout Cavalry |
| 17:26 | Age | Castle Age |
| 17:28 | Research | Light Cavalry (upgrade) |
| 17:34 | Create | Villager (Male) |
| 17:35 | Create | Villager (Male) |
| 17:39 | Build | Town Center |
| 17:43 | Create | Scout Cavalry |
| 17:48 | Create | Villager (Male) |
| 17:54 | Build | Palisade Wall |
| 17:55 | Build | House |
| 17:57 | Create | Villager (Male) |
| 17:57 | Create | Villager (Male) |
| 17:59 | Build | Palisade Wall |
| 18:15 | Create | Villager (Male) |
| 18:15 | Create | Scout Cavalry |
| 18:17 | Create | Villager (Male) |
| 18:22 | Build | Town Center |
| 18:26 | Create | Villager (Male) |
| 18:34 | Build | Farm |
| 18:35 | Build | Farm |
| 18:45 | Create | Villager (Male) |
| 18:46 | Create | Villager (Male) |
| 18:46 | Create | Villager (Male) |
| 18:57 | Build | Farm |
| 19:10 | Create | Villager (Male) |
| 19:13 | Create | Villager (Male) |
| 19:14 | Build | Farm |
| 19:35 | Create | Villager (Male) |
| 19:35 | Create | Villager (Male) |
| 19:40 | Create | Villager (Male) |
| 19:41 | Create | Villager (Male) |
| 19:41 | Create | Villager (Male) |
| 19:48 | Create | Villager (Male) |
| 19:50 | Build | Farm |
| 19:51 | Build | Farm |
| 19:53 | Build | House |
| 19:54 | Build | House |
| 20:00 | Create | Villager (Male) |
| 20:28 | Build | Fish Trap |
| 20:32 | Create | Villager (Male) |
| 20:32 | Create | Villager (Male) |
| 20:37 | Build | Lumber Camp |
| 20:37 | Create | Villager (Male) |
| 20:43 | Build | House |
| 20:44 | Build | House |
| 20:45 | Create | Villager (Male) |
| 20:49 | Build | Farm |
| 21:04 | Create | Villager (Male) |
| 21:10 | Create | Villager (Male) |
| 21:34 | Create | Villager (Male) |
| 21:34 | Create | Villager (Male) |
| 21:36 | Create | Villager (Male) |
| 21:43 | Build | Market |
| 21:53 | Create | Villager (Male) |
| 21:57 | Build | Monastery |
Build order — hK | FraKTal
First 150 of 455 actions detected
| 0:01 | Create | Villager (Male) |
| 0:01 | Create | Villager (Male) |
| 0:02 | Build | House |
| 0:03 | Build | House |
| 0:18 | Create | Villager (Male) |
| 0:22 | Create | Villager (Male) |
| 1:23 | Create | Villager (Male) |
| 1:41 | Create | Villager (Male) |
| 1:41 | Create | Villager (Male) |
| 2:12 | Create | Villager (Male) |
| 2:40 | Create | Villager (Male) |
| 3:15 | Create | Villager (Male) |
| 3:15 | Create | Villager (Male) |
| 3:20 | Build | Lumber Camp |
| 3:41 | Create | Villager (Male) |
| 3:41 | Create | Villager (Male) |
| 3:54 | Create | Villager (Male) |
| 4:18 | Build | House |
| 4:58 | Create | Villager (Male) |
| 5:02 | Create | Villager (Male) |
| 5:02 | Create | Villager (Male) |
| 5:47 | Build | Barracks |
| 6:07 | Create | Villager (Male) |
| 6:08 | Research | Loom |
| 6:27 | Build | House |
| 7:05 | Build | Palisade Wall |
| 7:06 | Research | Feudal Age |
| 7:06 | Research | Feudal Age |
| 7:10 | Build | Mining Camp |
| 7:11 | Create | Militia |
| 7:41 | Create | Militia |
| 7:42 | Create | Militia |
| 8:01 | Create | Militia |
| 8:26 | Create | Militia |
| 8:34 | Build | House |
| 8:52 | Create | Villager (Male) |
| 9:08 | Build | Mill |
| 9:16 | Age | Feudal Age |
| 9:25 | Research | Man-at-Arms (upgrade) |
| 9:25 | Research | Man-at-Arms (upgrade) |
| 9:53 | Create | Villager (Male) |
| 9:53 | Create | Villager (Male) |
| 10:16 | Create | Villager (Male) |
| 10:35 | Create | Villager (Male) |
| 10:54 | Build | Barracks |
| 10:56 | Build | Archery Range |
| 11:04 | Create | Villager (Male) |
| 11:35 | Build | Archery Range |
| 11:35 | Create | Villager (Male) |
| 11:42 | Create | Villager (Male) |
| 11:42 | Create | Villager (Male) |
| 11:55 | Build | Blacksmith |
| 12:02 | Build | Farm |
| 12:04 | Build | Farm |
| 12:05 | Create | Archer |
| 12:10 | Build | Farm |
| 12:14 | Create | Archer |
| 12:19 | Build | House |
| 12:27 | Build | House |
| 12:33 | Create | Archer |
| 12:34 | Create | Villager (Male) |
| 12:37 | Create | Villager (Male) |
| 12:43 | Create | Archer |
| 12:44 | Create | Villager (Male) |
| 12:51 | Research | Fletching |
| 12:51 | Research | Fletching |
| 12:58 | Build | Farm |
| 13:12 | Build | House |
| 13:19 | Create | Archer |
| 13:20 | Create | Villager (Male) |
| 13:22 | Create | Archer |
| 13:32 | Build | Palisade Gate |
| 13:39 | Create | Villager (Male) |
| 13:51 | Create | Archer |
| 13:54 | Create | Spearman |
| 13:59 | Create | Archer |
| 14:05 | Create | Spearman |
| 14:06 | Create | Villager (Male) |
| 14:28 | Create | Archer |
| 14:28 | Create | Archer |
| 14:29 | Create | Villager (Male) |
| 14:31 | Build | Farm |
| 14:36 | Build | Farm |
| 14:50 | Create | Villager (Male) |
| 14:55 | Create | Archer |
| 14:58 | Build | House |
| 15:01 | Create | Archer |
| 15:02 | Create | Archer |
| 15:12 | Create | Villager (Male) |
| 15:15 | Create | Archer |
| 15:25 | Create | Villager (Male) |
| 15:43 | Create | Archer |
| 15:44 | Create | Archer |
| 15:59 | Build | Farm |
| 16:01 | Build | Farm |
| 16:02 | Create | Villager (Male) |
| 16:11 | Create | Villager (Male) |
| 16:14 | Build | House |
| 16:15 | Build | House |
| 16:23 | Create | Villager (Male) |
| 16:43 | Create | Archer |
| 16:47 | Create | Archer |
| 16:47 | Create | Villager (Male) |
| 16:51 | Create | Villager (Male) |
| 16:53 | Build | Farm |
| 16:55 | Build | Farm |
| 17:03 | Research | Double-Bit Axe |
| 17:05 | Create | Villager (Male) |
| 17:26 | Create | Archer |
| 17:28 | Create | Villager (Male) |
| 17:42 | Create | Archer |
| 17:44 | Create | Villager (Male) |
| 17:49 | Create | Archer |
| 17:51 | Create | Villager (Male) |
| 17:59 | Create | Villager (Male) |
| 18:14 | Create | Archer |
| 18:18 | Create | Villager (Male) |
| 18:44 | Build | Farm |
| 18:46 | Build | Farm |
| 18:49 | Build | Lumber Camp |
| 18:49 | Create | Villager (Male) |
| 18:58 | Create | Archer |
| 18:58 | Create | Archer |
| 18:59 | Create | Villager (Male) |
| 19:05 | Build | Farm |
| 19:08 | Build | Farm |
| 19:19 | Create | Villager (Male) |
| 19:19 | Create | Villager (Male) |
| 19:21 | Create | Archer |
| 19:21 | Create | Archer |
| 19:37 | Build | House |
| 19:38 | Build | House |
| 19:40 | Build | House |
| 19:46 | Build | House |
| 20:03 | Create | Archer |
| 20:04 | Create | Archer |
| 20:05 | Create | Villager (Male) |
| 20:08 | Build | Farm |
| 20:22 | Build | Farm |
| 20:28 | Build | Farm |
| 20:39 | Research | Castle Age |
| 20:40 | Research | Castle Age |
| 20:50 | Build | Lumber Camp |
| 20:55 | Create | Archer |
| 20:55 | Create | Archer |
| 21:12 | Research | Padded Archer Armor |
| 21:12 | Research | Padded Archer Armor |
| 21:15 | Research | Gold Mining |
| 21:15 | Research | Gold Mining |
| 21:16 | Build | Farm |
Match timeline
| 4:49 | ilovebaskets · first_building Dock |
| 5:03 | Puerco_Black · first_building Dock |
| 5:47 | hK | FraKTal · first_building Barracks |
| 5:48 | ilovebaskets · wall_segment Palisade Wall x1 |
| 5:49 | ilovebaskets · wall_segment Palisade Wall x1 |
| 6:02 | hK | Siesta · first_building Dock |
| 7:05 | hK | FraKTal · wall_segment Palisade Wall x5 |
| 7:07 | MrLokura · first_building Barracks |
| 7:41 | Hui · first_building Barracks |
| 7:51 | PeAcE mE · first_building Barracks |
| 8:17 | hK | ChossMx · first_building Barracks |
| 8:27 | Hui · age_up feudal |
| 8:43 | PeAcE mE · age_up feudal |
| 8:50 | Hui · first_building Archery Range |
| 8:51 | hK | ChossMx · age_up feudal |
| 8:58 | MrLokura · age_up feudal |
| 8:59 | hK | ChossMx · first_building Archery Range |
| 8:59 | MrLokura · first_building Stable |
| 9:11 | PeAcE mE · first_building Stable |
| 9:16 | hK | FraKTal · age_up feudal |
| 9:36 | hK | ChossMx · wall_segment Palisade Wall x1 |
| 9:41 | ilovebaskets · wall_segment Palisade Wall x1 |
| 9:45 | ilovebaskets · wall_segment Palisade Wall x1 |
| 10:07 | Puerco_Black · wall_segment Palisade Wall x4 |
| 10:20 | Puerco_Black · wall_segment Palisade Wall x1 |
| 10:21 | hK | Siesta · first_building Barracks |
| 10:56 | hK | FraKTal · first_building Archery Range |
| 10:59 | hK | Siesta · age_up feudal |
| 11:21 | hK | Siesta · first_building Stable |
| 11:23 | Puerco_Black · age_up feudal |
| 11:40 | ilovebaskets · age_up feudal |
| 12:30 | hK | ChossMx · wall_segment Palisade Wall x1 |
| 13:20 | hK | ChossMx · wall_segment Palisade Wall x6 |
| 13:31 | ilovebaskets · wall_segment Palisade Wall x1 |
| 13:32 | ilovebaskets · wall_segment Palisade Wall x1 |
| 13:33 | ilovebaskets · wall_segment Palisade Wall x1 |
| 14:01 | Puerco_Black · first_market_buy 100 food |
| 14:28 | Puerco_Black · wall_segment Palisade Wall x3 |
| 15:23 | ilovebaskets · age_up castle |
| 15:23 | ilovebaskets · wall_segment Palisade Wall x1 |
| 16:59 | Puerco_Black · age_up castle |
| 17:26 | hK | Siesta · age_up castle |
| 17:54 | hK | Siesta · wall_segment Palisade Wall x1 |
| 17:59 | hK | Siesta · wall_segment Palisade Wall x1 |
| 18:54 | MrLokura · age_up castle |
| 19:09 | MrLokura · wall_segment Palisade Wall x1 |
| 19:17 | MrLokura · wall_segment Palisade Wall x1 |
| 19:49 | ilovebaskets · wall_segment Palisade Wall x1 |
| 20:10 | hK | ChossMx · wall_segment Palisade Wall x1 |
| 20:10 | hK | ChossMx · wall_segment Palisade Wall x1 |
| 20:11 | hK | ChossMx · wall_segment Palisade Wall x1 |
| 20:11 | hK | ChossMx · wall_segment Palisade Wall x1 |
| 20:13 | hK | ChossMx · wall_segment Palisade Wall x1 |
| 20:54 | MrLokura · wall_segment Palisade Wall x1 |
| 20:55 | MrLokura · wall_segment Palisade Wall x1 |
| 20:56 | MrLokura · wall_segment Palisade Wall x1 |
| 21:42 | hK | FraKTal · wall_segment Palisade Wall x1 |
| 21:43 | hK | FraKTal · wall_segment Palisade Wall x1 |
| 21:43 | ilovebaskets · wall_segment Palisade Wall x1 |
| 21:44 | hK | FraKTal · wall_segment Palisade Wall x4 |
| 21:57 | hK | Siesta · first_building Monastery |
| 22:21 | MrLokura · wall_segment Palisade Wall x1 |
| 22:30 | MrLokura · wall_segment Palisade Wall x1 |
| 22:31 | MrLokura · wall_segment Palisade Wall x1 |
| 22:32 | MrLokura · wall_segment Palisade Wall x1 |
| 22:32 | MrLokura · wall_segment Palisade Wall x1 |
| 22:37 | hK | Siesta · first_market_buy 100 stone |
| 22:46 | hK | FraKTal · wall_segment Palisade Wall x5 |
| 22:52 | MrLokura · wall_segment Palisade Wall x1 |
| 22:52 | MrLokura · wall_segment Palisade Wall x1 |
| 22:57 | PeAcE mE · age_up castle |
| 22:57 | MrLokura · wall_segment Palisade Wall x1 |
| 22:58 | hK | ChossMx · wall_segment Palisade Wall x6 |
| 23:05 | MrLokura · wall_segment Palisade Wall x1 |
| 23:10 | hK | ChossMx · wall_segment Palisade Wall x1 |
| 23:15 | hK | ChossMx · wall_segment Palisade Wall x1 |
| 23:21 | hK | FraKTal · age_up castle |
| 23:29 | hK | ChossMx · age_up castle |
| 23:35 | ilovebaskets · first_market_buy 100 food |
| 23:39 | hK | ChossMx · wall_segment Palisade Wall x1 |
| 23:45 | hK | ChossMx · wall_segment Palisade Wall x1 |
| 27:11 | hK | ChossMx · wall_segment Palisade Wall x1 |
| 27:12 | hK | ChossMx · wall_segment Palisade Wall x1 |
| 27:27 | hK | ChossMx · wall_segment Palisade Wall x1 |
| 27:39 | hK | ChossMx · first_market_sell 100 food |
| 27:39 | hK | ChossMx · first_market_buy 100 wood |
| 28:47 | hK | Siesta · wall_segment Stone Wall x23 |
| 29:33 | hK | ChossMx · wall_segment Palisade Wall x1 |
| 29:39 | Hui · age_up castle |
| 29:43 | hK | ChossMx · wall_segment Palisade Wall x1 |
| 30:07 | hK | Siesta · first_market_sell 100 wood |
| 30:31 | hK | FraKTal · first_building Monastery |
| 30:35 | hK | ChossMx · first_building Siege Workshop |
| 31:08 | ilovebaskets · first_building Castle |
| 31:22 | ilovebaskets · first_building Monastery |
| 31:22 | ilovebaskets · first_building Siege Workshop |
| 32:16 | hK | ChossMx · wall_segment Palisade Wall x1 |
| 32:31 | ilovebaskets · wall_segment Palisade Wall x1 |
| 32:44 | ilovebaskets · wall_segment Palisade Wall x1 |
| 32:50 | ilovebaskets · wall_segment Palisade Wall x1 |
| 33:00 | MrLokura · first_building Monastery |
| 33:02 | MrLokura · first_market_buy 100 food |
| 33:02 | hK | ChossMx · wall_segment Palisade Wall x1 |
| 33:11 | ilovebaskets · first_building Barracks |
| 33:20 | hK | Siesta · age_up imperial |
| 33:36 | hK | ChossMx · wall_segment Stone Wall x1 |
| 33:41 | hK | ChossMx · wall_segment Stone Wall x1 |
| 33:43 | hK | ChossMx · wall_segment Stone Wall x1 |
| 34:16 | ilovebaskets · first_building Stable |
| 34:46 | PeAcE mE · first_building Monastery |
| 34:52 | hK | FraKTal · first_building Siege Workshop |
| 34:55 | hK | FraKTal · age_up imperial |
| 35:04 | hK | FraKTal · first_market_buy 100 food |
| 35:04 | hK | FraKTal · first_market_sell 100 wood |
| 35:25 | ilovebaskets · wall_segment Stone Wall x1 |
| 35:27 | ilovebaskets · wall_segment Stone Wall x1 |
| 35:31 | ilovebaskets · age_up imperial |
| 35:42 | Puerco_Black · wall_segment Stone Wall x5 |
| 35:50 | Puerco_Black · wall_segment Stone Wall x6 |
| 35:57 | Puerco_Black · wall_segment Stone Wall x7 |
| 36:05 | Puerco_Black · wall_segment Stone Wall x11 |
| 36:06 | Puerco_Black · wall_segment Stone Wall x7 |
| 37:10 | hK | ChossMx · wall_segment Palisade Wall x1 |
| 37:14 | hK | Siesta · first_building Castle |
| 37:36 | Puerco_Black · first_building Castle |
| 37:38 | Puerco_Black · first_building Barracks |
| 37:45 | hK | FraKTal · wall_segment Stone Wall x2 |
| 37:46 | hK | FraKTal · wall_segment Stone Wall x1 |
| 38:35 | Puerco_Black · first_building Monastery |
| 38:39 | MrLokura · age_up imperial |
| 38:44 | MrLokura · first_market_sell 100 wood |
| 38:50 | PeAcE mE · age_up imperial |
| 38:51 | Puerco_Black · wall_segment Stone Wall x3 |
| 39:04 | PeAcE mE · first_market_sell 500 food |
| 39:07 | hK | Siesta · tribute_sent a jugador 1 |
| 39:07 | hK | Siesta · tribute_sent a jugador 2 |
| 39:07 | hK | Siesta · tribute_sent a jugador 3 |
| 39:07 | hK | Siesta · tribute_sent a jugador 4 |
| 39:07 | hK | Siesta · tribute_sent a jugador 5 |
| 39:07 | hK | Siesta · tribute_sent a jugador 7 |
| 39:07 | hK | Siesta · tribute_sent a jugador 8 |
| 39:32 | Puerco_Black · first_building Archery Range |
| 41:18 | PeAcE mE · first_building Castle |
| 42:30 | ilovebaskets · resign |
| 42:33 | hK | ChossMx · first_building Monastery |
| 42:40 | hK | FraKTal · tribute_sent a jugador 1 |
| 42:40 | hK | FraKTal · tribute_sent a jugador 2 |
| 42:40 | hK | FraKTal · tribute_sent a jugador 3 |
| 42:40 | hK | FraKTal · tribute_sent a jugador 4 |
| 42:40 | hK | FraKTal · tribute_sent a jugador 5 |
| 42:40 | hK | FraKTal · tribute_sent a jugador 6 |
| 42:40 | hK | FraKTal · tribute_sent a jugador 7 |
[ AI ANALYSIS · 1 CREDIT ]
What really happened in this match?
Wolo.gg analyzes every decision: build order, eco, micro, common mistakes by bracket. Personalized analysis on WhatsApp or Discord in 30 seconds.
Civ guide
Dravidians
Map guide
Coastal Forest
Perfil
Jugador #18490940